 Dungeon Crawl Stone Soup version 0.25-a0-796-gd415a3ffb0 (webtiles) character file.

Game seed: 8593414463778361700, levelgen mode: deterministic

618 MisterFreud the Fighter (level 7, -1/68 HPs)
             Began as a Minotaur Abyssal Knight on Apr 18, 2020.
             Was a Priest of Lugonu.
             Slain by an orc wizard
             ... wielding a +0 dagger
              (2 damage)
             ... on level 4 of the Dungeon.
             The game lasted 00:03:40 (3041 turns).

MisterFreud the Fighter (Minotaur Abyssal Knight)   Turns: 3041, Time: 00:03:41

Health: -1/68      AC:  6    Str: 18    XL:     7   Next: 21%
Magic:  10/10      EV: 11    Int:  9    God:    Lugonu [***...]
Gold:   192        SH:  0    Dex: 13    Spells: 6/6 levels left

rFire    . . .     SeeInvis .   I - +0 long sword
rCold    . . .     Gourm    .   (no shield)
rNeg     . . .     Faith    .   w - +0 ring mail (curse)
rPois    .         Spirit   .   (helmet restricted)
rElec    .         Reflect  .   (no cloak)
rCorr    .         Harm     .   u - +0 pair of gloves
MR       .....                  (no boots)
Stlth    +.........             o - amulet of magic regeneration
HPRegen  0.21/turn              d - +3 ring of dexterity
MPRegen  0.37/turn              (no ring)

@: lethally poisoned (-1 -> -7), stab
A: retaliatory headbutt, horns 2
a: Depart the Abyss, Bend Space, Banish, Renounce Religion


You were on level 4 of the Dungeon.
You worshipped Lugonu.
Lugonu was most pleased with you.
You were not hungry.

You visited 1 branch of the dungeon, and saw 4 of its levels.
You visited the Abyss 1 time.

You collected 192 gold pieces.

Inventory:

Hand Weapons
 a - a +1 falchion
 I - a +0 long sword (weapon)
Missiles
 f - 56 stones (quivered)
 i - 7 javelins
 k - 35 poisoned darts
 t - 48 bolts
 y - 61 sling bullets
 A - 9 boomerangs
 K - 10 arrows
Armour
 b - a +0 leather armour
 u - a +0 pair of gloves (worn)
 w - a cursed +0 ring mail (worn)
Jewellery
 d - a +3 ring of dexterity (left hand)
 o - an amulet of magic regeneration (around neck)
 J - an uncursed amulet of harm {unknown}
Scrolls
 e - 3 scrolls of teleportation {unknown}
 g - 5 scrolls of identify {unknown}
 h - a scroll of immolation {unknown}
 q - a scroll of magic mapping {unknown}
 v - a scroll of noise {unknown}
 x - a scroll of fog {unknown}
 B - 2 scrolls of fear {unknown}
 D - 3 scrolls of remove curse {unknown}
 E - a scroll of enchant armour {unknown}
 H - 2 scrolls of enchant weapon {unknown}
 L - a scroll of blinking {unknown}
Potions
 j - a potion of resistance {unknown}
 l - a potion of berserk rage {unknown}
 m - 2 potions of haste {unknown}
 n - a potion of stabbing
 p - a potion of mutation {unknown}
 r - a potion of magic {unknown}
 s - 2 potions of curing {unknown}
 z - 2 potions of degeneration {unknown}
 C - 2 potions of brilliance {unknown}
 G - a potion of heal wounds {unknown}
 M - a potion of cancellation {unknown}
Comestibles
 c - 7 rations
 F - 4 chunks of flesh


   Skills:
 - Level 8.0 Fighting
 - Level 2.4 Long Blades
 - Level 2.4 Armour
 - Level 1.1 Dodging
 + Level 5.3 Invocations


You had 6 spell levels left.
You didn't know any spells.
Your spell library contained the following spells:

 Spells                   Type           Power        Failure   Level  Hunger
 Magic Dart               Conj           #...         56%         1    ##.....
 Shock                    Conj/Air       #...         56%         1    ##.....
 Blink                    Tloc           N/A          71%         2    ###....
 Call Imp                 Summ           #.......     71%         2    ###....
 Slow                     Hex            #.......     71%         2    ###....
 Swiftness                Chrm/Air       #.......     71%         2    ###....
 Conjure Flame            Conj/Fire      #.......     91%         3    ####...
 Mephitic Cloud           Conj/Pois/Air  #.......     91%         3    ####...
 Static Discharge         Conj/Air       #.......     91%         3    ####...
 Airstrike                Air            #.........   100%        4    #####..
 Lightning Bolt           Conj/Air       #.........   100%        5    ######.


Dungeon Overview and Level Annotations

Branches:
Dungeon (4/15)
 Temple: D:4-7

Altars:
Nemelex Xobeh
The Shining One


Innate Abilities, Weirdness & Mutations

You reflexively headbutt those who attack you in melee.
You have a pair of horns on your head.


Message History

You feel sick. The worker ant bites you.
* * * LOW HITPOINT WARNING * * *
You are more poisoned.
The worker ant poisons you!
The phantom blinks!
The orc wizard hits you with a +0 dagger.
* * * LOW HITPOINT WARNING * * *
Unknown command.
You slash the worker ant!
You kill the worker ant!
Lugonu accepts your kill.
You feel sick.
The orc wizard gestures at you while chanting.
The puff of flame hits you!
* * * LOW HITPOINT WARNING * * *
It was a potion of stabbing.
You feel ready to backstab.
* * * LOW HITPOINT WARNING * * *
You feel sick.
The orc wizard hits you with a +0 dagger.
You die...

##..# ######.## ##.#
#.......# #.##
#.#####.######
###..########.#####......#
.#........................#
.#..#...##.....######+#####
....#.#.....##.#)..#†..#$(#
..#...#..##..W.'.†.'....!(#
..#............#@o.#...#??#
########################


You could see a phantom and an orc wizard.

Vanquished Creatures
  Sigmund (D:2)
  An ogre (D:4)
  2 scorpions (D:4)
  A hound (D:4)
  Jessica (D:3)
  A worker ant (D:4)
  6 adders
  3 gnolls (D:3)
  An ooze (D:2)
  4 worms
  3 dart slugs
  8 leopard geckos
  7 orcs
  2 ball pythons
  8 giant cockroaches
  2 hobgoblins
  14 jackals
  2 quokkas
  6 bats
  6 frilled lizards
  2 goblins
  4 kobolds
  A quokka skeleton (D:4)
  9 rats
95 creatures vanquished.

Notes
Turn   | Place    | Note
-------+----------+-------------------------------------------
     0 | Abyss:1  | MisterFreud the Minotaur Abyssal Knight began the quest for
                  | the Orb.
     0 | Abyss:1  | Reached XP level 1. HP: 19/19 MP: 1/1
     8 | D:1      | Escaped the Abyss
    63 | D:1      | Reached skill level 4 in Fighting
   144 | D:1      | Reached XP level 2. HP: 28/28 MP: 2/2
   704 | D:1      | Reached ** piety under Lugonu
   723 | D:1      | Reached skill level 5 in Fighting
   876 | D:2      | Found a glowing golden altar of the Shining One.
   880 | D:2      | Reached XP level 3. HP: 33/36 MP: 3/3
   906 | D:2      | Noticed Sigmund
   911 | D:2      | Killed Sigmund
   911 | D:2      | Reached skill level 7 in Fighting
   911 | D:2      | Reached XP level 4. HP: 47/47 MP: 4/4
   911 | D:2      | Reached XP level 5. HP: 52/52 MP: 5/5
  1732 | D:3      | Reached skill level 8 in Fighting
  1853 | D:3      | Found a sparkling altar of Nemelex Xobeh.
  1853 | D:3      | Noticed Jessica
  1860 | D:3      | Killed Jessica
  1860 | D:3      | Reached XP level 6. HP: 54/61 MP: 6/6
  1949 | D:3      | Reached *** piety under Lugonu
  2561 | D:4      | Reached XP level 7. HP: 67/68 MP: 9/9
  2625 | D:4      | Reached skill level 5 in Invocations
  3040 | D:4      | HP: 2/68 [orc wizard/puff of flame (8)]
  3041 | D:4      | Slain by an orc wizard

Levels and vault maps discovered:
D:1:      saegor_arrival_under_anarchy, layout_loops_corners,
          minmay_worlds_worst_comb
D:2:      layout_basic, lemuel_crystal_altar, first_ration, uniq_sigmund
D:3:      layout_loops_ring, nemelex_lonely_heart_becter
D:4:      minmay_thinvault, layout_basic, grunt_decor_cap

Skill      XL: |  1  2  3  4  5  6  7 |
---------------+----------------------+-----
Fighting       | 4 5 7 8 |  8.0
Invocations    | 2 4 5 |  5.3
Long Blades    | |  2.4
Armour         | |  2.4
Dodging        | |  1.1

Action                   |  1- 3 |  4- 6 |  7- 9 || total
-------------------------+-------+-------+-------++-------
Melee: Falchion          |    44 |    94 |       ||   138
       Headbutt          |     8 |    27 |     9 ||    44
       Long sword        |       |    26 |    31 ||    57
  Use: Potion            |       |       |     1 ||     1
  Eat: Chunk             |       |     5 |     2 ||     7
Armor: Leather armour    |     7 |     3 |       ||    10
       Ring mail         |       |    45 |    14 ||    59
Dodge: Dodged            |    33 |    92 |    27 ||   152
       Rpst.: Falchion   |    13 |    26 |       ||    39
       Long sword        |       |     9 |     9 ||    18

Table legend:
 A = Non-vault XP
 B = Vault XP
 C = Vault XP percentage of total XP
 D = Non-vault monster count
 E = Vault monster count
 F = Vault count percentage of total count
                 A         B        C        D         E       F
            +---------+---------+-------+---------+---------+-------
      Total |     348 |     536 |  60.6 |      74 |      21 |  22.1
            +---------+---------+-------+---------+---------+-------
        D:1 |      31 |       6 |  16.2 |      17 |       3 |  15.0
        D:2 |      57 |     208 |  78.5 |      25 |       1 |   3.8
        D:3 |      98 |      37 |  27.4 |      18 |       1 |   5.3
        D:4 |     162 |     285 |  63.8 |      14 |      16 |  53.3
            +---------+---------+-------+---------+---------+-------
